 Dungeon Crawl Stone Soup version 0.25-a0-110-ge29c8f2358 (webtiles) character file.

Game seed: 2435507577096888979, levelgen mode: deterministic

179430 ragvald the Peltast (level 17, 0/161 HPs)
             Began as a Minotaur Berserker on Nov 19, 2019.
             Was the Champion of Trog.
             Succumbed to a naga mage's poison arrow
             ... on level 4 of the Snake Pit.
             The game lasted 02:00:11 (30643 turns).

ragvald the Peltast (Minotaur Berserker)           Turns: 30643, Time: 02:00:12

Health: 0/161      AC: 25    Str: 26    XL:     17   Next: 61%
Magic:  16/16      EV: 16    Int:  7    God:    Trog [******]
Gold:   2550       SH: 27    Dex: 10    Spells: 16/16 levels left

rFire    + . .     SeeInvis +   H - +8 demon whip (flame)
rCold    + . .     Gourm    .   x - +0 large shield {reflect}
rNeg     + + .     Faith    .   u - +6 scale mail of the Kangaroo {*Drain rN++}
rPois    +         Spirit   .   I - +1 hat
rElec    .         Reflect  +   K - +1 cloak {rPois}
rCorr    .         Harm     .   O - +0 pair of gloves
MR       +....                  j - +2 pair of boots of the Assassin {Detection Stab+ Stlth++}
Stlth    ++........             (no amulet)
HPRegen  0.36/turn              d - ring of Liberalism {+Fly rF+ rC+ SInv}
MPRegen  0.15/turn              Y - +3 ring of slaying

@: lethally poisoned (0 -> -9), slowed, very slow
A: retaliatory headbutt, horns 2, large bone plates 1, low mp 1
a: Berserk, Trog's Hand, Brothers in Arms, Renounce Religion, Evoke Flight


You were on level 4 of the Snake Pit.
You worshipped Trog.
Trog was exalted by your worship.
You were not hungry.

You visited 4 branches of the dungeon, and saw 27 of its levels.
You also visited: Gauntlet.

You collected 2683 gold pieces.
You spent 133 gold pieces at shops.

Inventory:

Hand Weapons
 m - a +3 antimagic eveningstar
 p - a +5 antimagic quarterstaff
 H - a +8 demon whip of flaming (weapon)
 S - a +7 quarterstaff of protection
Armour
 a - a scarf of repulsion
 i - the +6 plate armour "Juit Wuo" {Int+3}
   (You took it off a minotaur in a Gauntlet)

   It affects your intelligence (+3).
 j - the +2 pair of boots of the Assassin (worn) {Detection Stab+ Stlth++}
   (You found it on level 12 of the Dungeon)

   It makes you much more stealthy.
 u - the +6 scale mail of the Kangaroo (worn) {*Drain rN++}
   (You found it on level 5 of the Dungeon)

   It greatly protects you from negative energy.
   It causes draining when unequipped.
 x - a +0 large shield of reflection (worn)
 I - a +1 hat (worn)
 K - a +1 cloak of poison resistance (worn)
 O - a +0 pair of gloves (worn)
Jewellery
 d - the ring of Liberalism (left hand) {+Fly rF+ rC+ SInv}
   (You found it on level 12 of the Dungeon)

   [ring of protection from cold]

   It protects you from fire.
   It protects you from cold.
   It lets you see invisible.
   It lets you fly.
 e - an uncursed amulet of regeneration
 s - the ring "Plog" {Str+3 Int+2 SInv}
   (You found it in a Gauntlet)

   [ring of see invisible]

   It affects your strength (+3).
   It affects your intelligence (+2).
   It lets you see invisible.
 v - a +3 ring of slaying
 W - a +4 ring of evasion
 Y - a +3 ring of slaying (right hand)
Wands
 g - a wand of flame (20)
 w - a wand of iceblast (25)
 B - a wand of digging (7)
 J - a wand of polymorph (21)
 L - a wand of paralysis (26)
 X - a wand of acid (16)
 Z - a wand of enslavement (6)
Scrolls
 f - 3 scrolls of blinking
 l - 4 scrolls of amnesia
 n - a scroll of magic mapping
 q - 9 scrolls of fear
 r - 3 scrolls of fog
 y - 6 scrolls of teleportation
 C - a scroll of holy word {unknown}
 D - 5 scrolls of identify
 T - a scroll of vulnerability
 U - 3 scrolls of enchant armour
 V - 4 scrolls of immolation
Potions
 h - 4 potions of brilliance
 k - 3 potions of might
 o - a potion of berserk rage
 t - 2 potions of curing
 z - 4 potions of haste
 E - 3 potions of resistance
 G - a potion of agility
 N - 2 potions of cancellation
 P - 2 potions of invisibility
Miscellaneous
 b - a sack of spiders
 A - a phantom mirror
 Q - a phial of floods
 R - a lamp of fire
Comestibles
 c - 15 rations


   Skills:
 + Level 17.2 Fighting
 - Level 14.3 Maces & Flails
 + Level 14.9 Armour
 + Level 14.5 Dodging
 - Level 0.6 Stealth
 + Level 20.4 Shields
 + Level 3.7 Evocations


You had 16 spell levels left.
You didn't know any spells.
Your spell library was empty.

Dungeon Overview and Level Annotations

Branches:
Dungeon (15/15)            Temple (0/1) D:6            Lair (6/6) D:8
  Swamp (0/4) Lair:2        Snake (4/4) Lair:2        Slime (0/5) Lair:6
    Orc (2/2) D:11            Elf (0/3) Orc:2        Vaults (0/5) D:13
Gauntlet (visited)
 Depths: D:15

Altars:
Cheibriados
Dithmenos
Elyvilon
Fedhas
Gozag
Vehumet
Zin
The Shining One
Beogh

Shops:
D:6 *   D:15 ?   Orc:2 (}?!   Snake:1 %([?

Portals:
Pandemonium: Orc:2

Annotations:
D:10 exclusion: 2 oklob plants
Lair:2 exclusion: oklob plant


Innate Abilities, Weirdness & Mutations

You reflexively headbutt those who attack you in melee.
You have a pair of horns on your head.
You are partially covered in large bone plates. (SH +4)
Your magical capacity is low. (-10% MP)


Message History

* * * LOW HITPOINT WARNING * * *
You block the nagaraja's attack. The naga mage spits poison at you.
The splash of poison misses you.
The splash of poison hits the guardian serpent.
The naga hits you with a +0 mace!
* * * LOW HITPOINT WARNING * * *
The naga misses you.
The guardian serpent coils itself and waves its upper body at you.
You feel yourself slow down. The naga mage casts a spell at you.
The poison arrow hits you!
You are more poisoned.
You partially resist.
* * * LOW HITPOINT WARNING * * *
The nagaraja spits poison at you.
Your +0 large shield of reflection reflects the splash of poison!
The splash of poison hits the nagaraja.
There is an escape hatch in the ceiling, spattered with blood here.
You die...

#........# ##..#...##...........
##.......# #..#...#.###########
#..._...####..#..))## #..
#.......##...##....# #..
##............#....'## #..
#.............######.# #..
##....................# #..
#............<.NSN....# #..
#..............N@N....### #######
###............NNN......###..)...
##########........####......### {
{ ###..§§.##..##.....#.. {{
###))##....#...#)#.. { {{
##S#{....#####.##. { {
#†N......##....## {
##)SS#...#....... #...# #.......


You could see 4 nagarajas, 2 guardian serpents, 2 naga magi and a naga.

Vanquished Creatures
  5 nagarajas
  An orc warlord (D:11)
  A minotaur (Gauntlet)
  A death ooze (Gauntlet)
  A fire dragon (Lair:6)
  16 naga warriors
  2 catoblepae
  Fannar (Lair:1)
  2 vault guards (D:13)
  Harold (Lair:2)
  2 ice dragons
  7 hydras
  2 centaur warriors (D:13)
  Erica (D:10)
  21 anacondas
  2 death knights (D:13)
  An ogre mage (D:15)
  11 two-headed ogres
  A tengu warrior (D:13)
  5 orc high priests (Orc:2)
  A sun demon (Orc:2)
  8 naga sharpshooters
  10 shock serpents
  A glowing orange brain (D:8)
  A salamander mystic (Snake:4)
  A sea snake (Snake:2)
  2 wizards (D:13)
  A torturous demonspawn (Orc:2)
  2 infernal demonspawn (Orc:2)
  8 naga ritualists
  An unseen horror (D:12)
  A gelid demonspawn (Orc:2)
  A wolf spider zombie (D:13)
  A lindwurm (Lair:6)
  15 ugly things
  5 orc knights
  An oklob plant (Lair:2)
  11 mana vipers
  3 cyclopes
  5 salamanders
  2 deep elf magi
  6 orc sorcerers (Orc:2)
  5 elephants (Lair:6)
  Joseph (Lair:1)
  12 guardian serpents
  14 naga magi
  The ghost of CloudEater the Digger, a novice GrEE (D:6)
  4 centaur zombies
  43 black mambas
  Psyche (D:8)
  9 spiny frogs
  4 gargoyles
  6 centaur skeletons
  The ghost of EpicUbivator the Magician, a novice DrFE of Gozag (D:8)
  3 molten gargoyles (Lair:6)
  6 komodo dragons
  A yaktaur (D:13)
  2 rime drakes
  3 tengu conjurers
  An efreet (Gauntlet)
  2 hellwings (Orc:2)
  2 ice devils (Orc:2)
  7 trolls
  A queen bee (D:9)
  2 hornets
  5 polar bears
  Prince Ribbit (D:7)
  7 blink frogs
  9 hippogriffs
  3 slime creatures
  A redback (D:13)
  A water elemental (D:14)
  2 shadows (Gauntlet)
  5 wyverns
  A spriggan (D:7)
  6 basilisks
  51 yaks
  20 humans (D:13)
  A golden eye (shapeshifter) (D:8)
  4 steam dragons
  3 fire elementals (Gauntlet)
  2 neqoxecs
  6 hungry ghosts
  52 nagas
  A vampire mosquito (D:12)
  2 wargs
  Edmund (D:4)
  6 hell hounds
  14 water moccasins
  Duvessa (D:7)
  A porcupine (shapeshifter) (D:8)
  6 porcupines
  38 orc warriors
  3 black bears
  An eye of draining (D:12)
  5 sky beasts
  A phantom (D:13)
  The ghost of Kagalorn the Shooter, an amateur CeHu (D:3)
  10 ice beasts
  11 wolves
  11 ogres
  3 necrophages
  4 centaurs
  12 crocodiles
  5 big kobolds
  20 bullfrogs
  A gnoll sergeant (D:11)
  Dowan (D:7)
  A wyvern skeleton (D:9)
  A scorpion (D:8)
  35 killer bees
  7 wights
  A spriggan skeleton (D:12)
  3 howler monkeys
  7 crimson imps
  5 lava snakes (Lair:6)
  3 quasits
  A wyvern simulacrum (D:13)
  5 jellies
  31 orc priests
  15 hounds
  4 bullfrog skeletons
  2 gnoll shamans
  Crazy Yiuf (D:7)
  An iguana (D:13)
  17 orc wizards
  12 worker ants
  Ijyb (D:4)
  7 gnolls
  14 adders
  4 shadow imps
  A white imp (D:14)
  3 adder skeletons
  A worm (D:2)
  2 dart slugs (D:3)
  7 leopard geckos
  81 orcs
  3 giant cockroaches
  8 goblins
  7 hobgoblins
  12 jackals
  15 kobolds
  5 quokkas
  4 ball pythons
  7 bats
  6 frilled lizards
  A jackal skeleton (D:5)
  A jackal zombie (D:8)
  2 leopard gecko skeletons
  6 rats
  3 plants
994 creatures vanquished.

Vanquished Creatures (collateral kills)
  An ugly thing (D:8)
  An ogre (D:10)
2 creatures vanquished.

Vanquished Creatures (others)
  2 naga sharpshooters
  An orc warrior (D:13)
  An orc wizard (D:12)
  3 fungi (Lair:6)
  A plant (Lair:2)
  A withered plant (Gauntlet)
9 creatures vanquished.

Grand Total: 1005 creatures vanquished

Notes
Turn   | Place    | Note
-------+----------+-------------------------------------------
     0 | D:1      | ragvald the Minotaur Berserker began the quest for the Orb.
     0 | D:1      | Reached XP level 1. HP: 19/19 MP: 0/0
   488 | D:1      | Reached XP level 2. HP: 23/26 MP: 1/1
   748 | D:2      | Reached skill level 5 in Maces & Flails
   803 | D:2      | Reached XP level 3. HP: 30/31 MP: 2/2
  1030 | D:2      | Reached ** piety under Trog
  1339 | D:3      | Reached XP level 4. HP: 39/39 MP: 3/3
  1657 | D:3      | Found a runed translucent gate.
  1657 | D:3      | Found a runed translucent gate.
  1657 | D:3      | Found a runed translucent gate.
  1659 | D:3      | Found an opulent altar of Gozag.
  1680 | D:3      | Noticed Kagalorn's ghost (amateur CeHu)
  1691 | D:3      | Killed Kagalorn's ghost
  1691 | D:3      | Reached XP level 5. HP: 34/45 MP: 4/4
  1956 | D:4      | Found a shadowy altar of Dithmenos.
  1959 | D:4      | Noticed Ijyb
  1968 | D:4      | Killed Ijyb
  2018 | D:4      | Noticed Edmund
  2027 | D:4      | Killed Edmund
  2027 | D:4      | Reached XP level 6. HP: 31/51 MP: 5/5
  2819 | D:5      | Entered Level 5 of the Dungeon
  2835 | D:5      | Reached XP level 7. HP: 31/57 MP: 6/6
  2839 | D:5      | Reached *** piety under Trog
  2884 | D:5      | Got a steaming scale mail
  2896 | D:5      | Identified the +6 scale mail of the Kangaroo {*Drain rN++}
                  | (You found it on level 5 of the Dungeon)
  3015 | D:5      | Reached skill level 10 in Maces & Flails
  3562 | D:6      | Found Neoriwno's Weapon Boutique.
  3572 | D:6      | Reached XP level 8. HP: 64/64 MP: 7/7
  3613 | D:6      | Found a staircase to the Ecumenical Temple.
  3699 | D:6      | Gained mutation: Your magical capacity is low. (-10% MP)
                  | [potion of mutation]
  3699 | D:6      | Gained mutation: You are partially covered in large bone
                  | plates. (SH +4) [potion of mutation]
  4001 | D:6      | Reached **** piety under Trog
  4068 | D:6      | Found a runed translucent gate.
  4068 | D:6      | Noticed CloudEater's ghost (novice GrEE)
  4068 | D:6      | Identified the cursed +3 great sword of Vebbesoe {distort,
                  | rF+ Stlth+}
  4068 | D:6      | Identified the +6 chain mail "Athez" {MR+ Int-4 Dex+3}
  4074 | D:6      | Found a runed translucent gate.
  4080 | D:6      | Found a runed translucent gate.
  4086 | D:6      | Found a roughly hewn altar of Beogh.
  4107 | D:6      | Killed CloudEater's ghost
  4107 | D:6      | Reached skill level 1 in Shields
  4116 | D:6      | Reached XP level 9. HP: 37/71 MP: 7/7
  4126 | D:6      | Reached skill level 1 in Evocations
  4158 | D:6      | Reached skill level 2 in Shields
  4220 | D:6      | Found Cine's General Store.
  4600 | D:7      | Noticed Prince Ribbit
  4606 | D:7      | Killed Prince Ribbit
  4654 | D:7      | Noticed Dowan
  4655 | D:7      | Noticed Duvessa
  4662 | D:7      | Killed Duvessa
  4662 | D:7      | Reached skill level 5 in Fighting
  4662 | D:7      | Reached skill level 3 in Shields
  4664 | D:7      | Killed Dowan
  5029 | D:7      | Reached skill level 4 in Shields
  5166 | D:7      | Found a runed translucent door.
  5167 | D:7      | Noticed Crazy Yiuf
  5177 | D:7      | Killed Crazy Yiuf
  5443 | D:8      | Noticed Psyche
  5448 | D:8      | Killed Psyche
  5483 | D:8      | Reached skill level 5 in Shields
  5513 | D:8      | Reached XP level 10. HP: 82/82 MP: 9/9
  5531 | D:8      | Reached ***** piety under Trog
  5564 | D:8      | Noticed a two-headed ogre
  5571 | D:8      | Killed a two-headed ogre
  5571 | D:8      | Reached skill level 5 in Armour
  5571 | D:8      | Reached skill level 6 in Shields
  5758 | D:8      | Reached skill level 7 in Shields
  5990 | D:8      | Found a staircase to the Lair.
  6013 | D:8      | Reached skill level 8 in Shields
  6100 | D:8      | Noticed a two-headed ogre
  6108 | D:8      | Killed a two-headed ogre
  6124 | D:8      | Received a gift from Trog
  6124 | D:8      | Reached skill level 9 in Shields
  6242 | D:8      | Found a runed translucent gate.
  6242 | D:8      | Noticed a cyan ugly thing
  6243 | D:8      | Found a runed translucent gate.
  6243 | D:8      | Noticed a green ugly thing
  6243 | D:8      | Noticed a red ugly thing
  6244 | D:8      | Found a runed translucent gate.
  6244 | D:8      | Noticed a white ugly thing
  6245 | D:8      | Noticed a white ugly thing
  6245 | D:8      | Noticed a glowing orange brain
  6373 | D:8      | Killed a purple ugly thing
  6377 | D:8      | Killed a red ugly thing
  6382 | D:8      | Killed a glowing orange brain
  6382 | D:8      | Reached skill level 10 in Shields
  6382 | D:8      | Reached XP level 11. HP: 92/92 MP: 9/9
  6387 | D:8      | Killed a purple ugly thing
  6391 | D:8      | Killed a red ugly thing
  6396 | D:8      | Killed a brown ugly thing
  6587 | D:8      | Found a runed translucent gate.
  6587 | D:8      | Found a runed translucent gate.
  6592 | D:8      | Noticed EpicUbivator's ghost (novice DrFE)
  6617 | D:8      | Found a runed translucent gate.
  6642 | D:8      | Killed EpicUbivator's ghost
  6646 | D:8      | Reached skill level 11 in Shields
  6739 | Lair:1   | Entered Level 1 of the Lair of Beasts
  7209 | Lair:1   | Noticed Joseph
  7221 | Lair:1   | Killed Joseph
  7452 | Lair:1   | Noticed Fannar
  7491 | Lair:1   | Killed Fannar
  7491 | Lair:1   | Reached skill level 5 in Dodging
  7523 | Lair:1   | Reached skill level 12 in Shields
  7609 | Lair:2   | Noticed Harold
  7612 | Lair:2   | Found a staircase to the Swamp.
  7629 | Lair:2   | Killed Harold
  7882 | Lair:2   | Found a staircase to the Snake Pit.
  7910 | Lair:2   | Noticed an oklob plant
  8228 | Lair:2   | Found a glowing golden altar of the Shining One.
  8229 | Lair:2   | Noticed an oklob plant
  8250 | Lair:2   | Reached XP level 12. HP: 79/105 MP: 11/11
  8977 | Lair:2   | Reached skill level 10 in Fighting
 10032 | Lair:4   | Noticed an eight-headed hydra
 10039 | Lair:4   | Killed an eight-headed hydra
 10615 | Lair:4   | Reached skill level 10 in Armour
 10850 | Lair:4   | You fall into a shaft and drop 2 floors!
 10850 | Lair:6   | Entered Level 6 of the Lair of Beasts
 10850 | Lair:6   | Found a staircase to the Slime Pits.
 11329 | Lair:6   | Reached XP level 13. HP: 66/118 MP: 13/13
 12043 | Lair:6   | Found a large runed translucent door.
 12048 | Lair:6   | Noticed a fire dragon
 12052 | Lair:6   | Found a large runed translucent door.
 12112 | Lair:6   | Received a gift from Trog
 12578 | Lair:6   | Killed a fire dragon
 12717 | Lair:6   | Got a brightly glowing great sword
 12742 | Lair:6   | Identified the +1 great sword "Xiogihaf" {vamp, SInv} (You
                  | found it on level 6 of the Lair of Beasts)
 14216 | D:9      | Found a white marble altar of Elyvilon.
 14331 | D:9      | Reached skill level 10 in Dodging
 14360 | D:9      | Reached ****** piety under Trog
 14514 | D:9      | Received a gift from Trog
 14774 | D:10     | Entered Level 10 of the Dungeon
 14838 | D:10     | Noticed Erica
 14849 | D:10     | Killed Erica
 15007 | D:10     | Reached XP level 14. HP: 115/133 MP: 14/14
 15121 | D:10     | Found a blossoming altar of Fedhas.
 15728 | D:11     | Found a staircase to the Orcish Mines.
 15774 | Orc:1    | Entered Level 1 of the Orcish Mines
 15788 | Orc:1    | Noticed an orc warlord
 15817 | D:11     | Killed an orc warlord
 15821 | D:11     | Reached skill level 15 in Fighting
 16618 | Orc:1    | You fall into a shaft and drop 1 floor!
 16618 | Orc:2    | Entered Level 2 of the Orcish Mines
 16799 | Orc:2    | Received a gift from Trog
 16828 | Orc:2    | Found Yrexu's Distillery.
 17245 | Orc:2    | Found Gugesun's Magic Scroll Emporium.
 18671 | Orc:2    | Found Mari's Gadget Shop.
 18671 | Orc:2    | Found a one-way gate leading to the halls of Pandemonium.
 18671 | Orc:2    | Found Acaoti's Antique Weapon Boutique.
 18761 | Orc:2    | Received a gift from Trog
 18957 | Orc:2    | Found a staircase to the Elven Halls.
 20545 | D:12     | Found a transporter.
 20546 | D:12     | Found the +2 pair of boots of the Assassin {Detection Stab+
                  | Stlth++}
 20560 | D:12     | Found a transporter.
 20739 | D:12     | Got a heavily runed copper ring
 20782 | D:12     | Identified the ring of Liberalism {+Fly rF+ rC+ SInv} (You
                  | found it on level 12 of the Dungeon)
 20941 | D:12     | Found a radiant altar of Vehumet.
 21076 | D:12     | Received a gift from Trog
 21083 | D:12     | Reached skill level 13 in Shields
 21378 | D:12     | Reached XP level 15. HP: 125/144 MP: 15/15
 21797 | D:13     | Found a gate leading to a gauntlet.
 21806 | Gauntlet | Entered a Gauntlet
 21806 | Gauntlet | Found a transporter.
 22041 | Gauntlet | Found a transporter.
 22043 | Gauntlet | Found a transporter.
 22058 | Gauntlet | Found a transporter.
 22060 | Gauntlet | Found a transporter.
 22071 | Gauntlet | Found a transporter.
 22089 | Gauntlet | Found a transporter.
 22102 | Gauntlet | Found a transporter.
 22112 | Gauntlet | Found a transporter.
 22131 | Gauntlet | Found a transporter.
 22142 | Gauntlet | Found a transporter.
 22143 | Gauntlet | Found a transporter.
 22212 | Gauntlet | Found a transporter.
 22278 | Gauntlet | Found a transporter.
 22312 | Gauntlet | Reached skill level 14 in Shields
 22329 | Gauntlet | Got an ancient copper ring
 22335 | Gauntlet | Got a jewelled plate armour
 22337 | Gauntlet | Identified the +0 plate armour "Netwu" {Str+6} (You found
                  | it in a Gauntlet)
 22338 | Gauntlet | Identified the ring "Plog" {Str+3 Int+2 SInv} (You found it
                  | in a Gauntlet)
 22438 | Gauntlet | Identified the +6 plate armour "Juit Wuo" {Int+3}
 22794 | D:13     | Received a gift from Trog
 22919 | D:13     | Found a gate to the Vaults.
 23435 | D:13     | Reached skill level 15 in Shields
 24660 | D:15     | Entered Level 15 of the Dungeon
 24824 | D:15     | Found a glowing silver altar of Zin.
 24845 | D:15     | Reached skill level 16 in Shields
 24915 | D:15     | Found Quonew's Magic Scroll Boutique.
 24921 | D:15     | Bought a scroll of identify for 28 gold pieces
 24921 | D:15     | Bought a scroll of identify for 28 gold pieces
 24921 | D:15     | Bought a scroll of identify for 28 gold pieces
 24921 | D:15     | Bought a scroll of magic mapping for 49 gold pieces
 25374 | Snake:1  | Entered Level 1 of the Snake Pit
 25535 | Snake:1  | Reached XP level 16. HP: 122/151 MP: 15/15
 25624 | Snake:1  | Found Unula Jaa's Armour Emporium.
 25807 | Snake:1  | Found Gogytratho's Magic Scroll Emporium.
 25807 | Snake:1  | Found Xoonyr's Food Shoppe.
 25810 | Snake:1  | Found Dyt Vaat's Antique Weapon Shoppe.
 25889 | Snake:1  | Received a gift from Trog
 26155 | Snake:1  | Reached skill level 17 in Shields
 27176 | Snake:2  | Found a runed translucent gate.
 27177 | Snake:2  | Found a runed translucent gate.
 27177 | Snake:2  | Found a runed translucent gate.
 27264 | Snake:2  | Reached skill level 18 in Shields
 27669 | Snake:2  | Received a gift from Trog
 28361 | Snake:3  | Reached skill level 19 in Shields
 28402 | Snake:3  | Reached XP level 17. HP: 139/159 MP: 16/16
 29219 | Snake:4  | Entered Level 4 of the Snake Pit
 29319 | Snake:4  | Received a gift from Trog
 30223 | Snake:4  | Reached skill level 20 in Shields
 30470 | Snake:4  | Found a snail-covered altar of Cheibriados.
 30642 | Snake:4  | HP: 2/161 [naga mage/poison arrow (10)]
 30643 | Snake:4  | Succumbed to a naga mage's poison arrow

Levels and vault maps discovered:
D:1:      lightli_arrival_flooded_house, layout_basic, minmay_misc_feat_x
D:2:      layout_basic
D:3:      layout_basic, ebering_ghost_gozag, columned_hall_lemuel,
          minmay_misc_feat_rows
D:4:      layout_basic, first_ration, nicolae_dithmenos_shadow_blocks,
          uniq_edmund, uniq_ijyb
D:5:      layout_loops_ring
D:6:      layout_rooms, biasface_ghost_orc_armoury, serial_shops, shop,
          kennysheep_little_box, hangedman_decor_diamond_cutter,
          kennysheep_generic_room_10
D:7:      layout_loops_ring, the_bakery, uniq_prince_ribbit1,
          uniq_crazy_yiuf_cottage, uniq_duvessa
D:8:      minmay_quarter_circles, layout_cave_pools, dpeg_oklobed_lair,
          ploomutoo_gammafunk_ghost_potion_laboratory, minmay_joined_circles,
          uniq_psyche
D:9:      layout_cave_pools, nicolae_overflow_crystal_walls, special_room
          [special_room_bee]
D:10:     layout_roguey, hangedman_tree_tricks, corexii_corridor_pit, uniq_erica
D:11:     layout_long_grid, david_orc_3
D:12:     gammafunk_the_bubble [the_bubble_gammafunk_crates], layout_loops_ring,
          basic_altar, nrook_uturn, hangedman_tell_no_tales
D:13:     cheibrodos_ideogram_h, layout_basic, grunt_vaults_entry_tiered,
          gauntlet_entry_generic
D:14:     layout_loops_ring, serial_ice, serial_ice_k, serial_ice_c,
          serial_ice_b, serial_ice_e, portal_ice_cave_entry_animals_and_master,
          feat_on_display
D:15:     grunt_enter_depths_hoard, layout_irregular_city, zin_angel,
          serial_shops, shop
Lair:1:   layout_concentric_octagons, uniq_fannar, uniq_joseph
Lair:2:   layout_cave_pods, swamp_mist, minmay_snake_entry_guardpost_small,
          lemuel_oklob_altar, minmay_lair_oklob_chamber, serial_bayou_shore_a,
          uniq_harold
Lair:3:   layout_regular_city
Lair:4:   layout_layer_cave
Lair:5:   layout_regular_city
Lair:6:   cheibrodos_lair_end_hotspot, layout_gridlike, slime_dummy
Snake:1:  layout_gridlike, serial_corexii_hall, chequers_hall_statues_wall_a,
          corexii_hall_statues_u, minmay_shoptagon
Snake:2:  layout_gridlike, nicolae_snake_horde_hoard, grunt_megastairs_3
Snake:3:  layout_layer_cave
Snake:4:  grunt_snake_rune_serpentine_throne, layout_cave_town, basic_altar
Orc:1:    layout_caves
Orc:2:    pf_orc_diabolical, layout_caves

Skill      XL: |  1  2  3  4  5  6  7  8  9 10 11 12 13 14 15 16 17 |
---------------+----------------------------------------------------+-----
Maces & Flails | 4 5 7 8 9 11 13 14 | 14.3
Fighting       | 4 5 7 9 12 14 16 17 | 17.2
Shields        | 1 5 10 12 13 16 19 20 | 20.4
Armour         | 3 4 6 8 10 12 13 14 | 14.9
Evocations     | 1 2 3 |  3.7
Dodging        | 3 4 6 8 10 12 13 14 | 14.5
Stealth        | |  0.6

Action                   |  1- 3 |  4- 6 |  7- 9 | 10-12 | 13-15 | 16-18 || total
-------------------------+-------+-------+-------+-------+-------+-------++-------
Melee: Mace              |    58 |    39 |       |       |       |       ||    97
       Headbutt          |     8 |    15 |    54 |   162 |   417 |   194 ||   850
       Flail             |       |    36 |   270 |   680 |   887 |       ||  1873
       Dire flail        |       |       |     9 |       |       |       ||     9
       Demon whip        |       |       |       |       |   847 |   849 ||  1696
Invok: Berserk           |       |     2 |       |     1 |     6 |     1 ||    10
       Brothers in Arms  |       |       |       |     1 |       |       ||     1
Evoke: Wand              |       |       |     9 |    14 |     4 |     1 ||    28
       Lamp of fire      |       |       |       |     1 |       |       ||     1
  Use: Scroll            |     7 |     2 |     6 |     3 |    28 |     8 ||    54
       Potion            |       |       |     2 |     7 |     3 |     3 ||    15
 Stab: Sleeping          |     2 |       |       |       |     3 |     2 ||     7
       Invisible         |       |       |       |     3 |       |       ||     3
       Distracted        |       |       |       |       |     2 |       ||     2
  Eat: Ration            |     1 |     1 |     3 |     7 |    14 |     6 ||    32
       Chunk             |       |       |       |       |     3 |       ||     3
Armor: Animal skin       |     5 |       |       |       |       |       ||     5
       Scale mail        |       |    27 |    71 |   205 |   333 |   112 ||   748
       Plate armour      |       |    10 |     5 |       |       |       ||    15
Dodge: Dodged            |    32 |    33 |    88 |   221 |   469 |   182 ||  1025
       Deflected         |       |       |       |       |    11 |       ||    11
Block: Shield            |       |       |    67 |   560 |   941 |       ||  1568
       Other             |       |       |     2 |       |       |       ||     2
       Large shield      |       |       |       |       |   200 |   904 ||  1104
       Reflection        |       |       |       |       |    11 |    87 ||    98

Table legend:
 A = Non-vault XP
 B = Vault XP
 C = Vault XP percentage of total XP
 D = Non-vault monster count
 E = Vault monster count
 F = Vault count percentage of total count
                 A         B        C        D         E       F
            +---------+---------+-------+---------+---------+-------
      Total |  162634 |   98441 |  37.7 |     655 |     342 |  34.3
            +---------+---------+-------+---------+---------+-------
        D:1 |      18 |       0 |   0.0 |      13 |       0 |   0.0
        D:2 |      69 |       0 |   0.0 |      19 |       0 |   0.0
        D:3 |      64 |     127 |  66.5 |      21 |       3 |  12.5
        D:4 |     171 |     189 |  52.5 |       9 |       2 |  18.2
        D:5 |     533 |       0 |   0.0 |      21 |       0 |   0.0
        D:6 |     986 |    1114 |  53.0 |      31 |      11 |  26.2
        D:7 |     643 |     740 |  53.5 |      25 |       5 |  16.7
        D:8 |    1346 |    7751 |  85.2 |       7 |      43 |  86.0
        D:9 |    4767 |    1841 |  27.9 |      37 |      26 |  41.3
       D:10 |    3149 |     912 |  22.5 |      25 |       1 |   3.8
       D:11 |    8044 |     211 |   2.6 |      40 |       6 |  13.0
       D:12 |    4379 |    4425 |  50.3 |      22 |      19 |  46.3
       D:13 |    6188 |   16677 |  72.9 |      38 |      47 |  55.3
       D:14 |    4385 |    3204 |  42.2 |      15 |      12 |  44.4
       D:15 |    9400 |       0 |   0.0 |      18 |       0 |   0.0
     Lair:1 |    2448 |    1472 |  37.6 |      12 |       2 |  14.3
     Lair:2 |    5128 |    2271 |  30.7 |      25 |       7 |  21.9
     Lair:3 |    2556 |       0 |   0.0 |      15 |       0 |   0.0
     Lair:4 |    4628 |       0 |   0.0 |      19 |       0 |   0.0
     Lair:5 |    2577 |       0 |   0.0 |      10 |       0 |   0.0
     Lair:6 |   10706 |    9311 |  46.5 |      35 |      29 |  45.3
    Snake:1 |   18225 |       0 |   0.0 |      37 |       0 |   0.0
    Snake:2 |   18169 |   13308 |  42.3 |      35 |      30 |  46.2
    Snake:3 |   28926 |       0 |   0.0 |      44 |       0 |   0.0
    Snake:4 |   21968 |   13479 |  38.0 |      38 |      25 |  39.7
      Orc:1 |    1771 |     125 |   6.6 |      20 |       1 |   4.8
      Orc:2 |    1390 |   17360 |  92.6 |      24 |      63 |  72.4
   Gauntlet |       0 |    3924 | 100.0 |       0 |      10 | 100.0
            +---------+---------+-------+---------+---------+-------
